 Dungeon Crawl Stone Soup version 0.28-a0-247-gb8bfbab023 (console) character file.

Game seed: 1062455119691928816

13509 jejorda2 the Carver (level 12, -1/109 HPs)
             Began as a Tengu Berserker on Aug 25, 2021.
             Was a High Priest of Trog.
             Engulfed by a cloud of freezing vapour (7 damage)
             ... in a Gauntlet.
             The game lasted 00:31:46 (10513 turns).

jejorda2 the Carver (Tengu Berserker)              Turns: 10513, Time: 00:31:46

Health: -1/109     AC:  9    Str: 17    XL:     12   Next: 6%
Magic:  13/13      EV: 17    Int:  8    God:    Trog [*****.]
Gold:   635        SH: 12    Dex: 19    Spells: 11/11 levels left

rFire   + . .      SeeInvis .   b - +3 scimitar
rCold   . . .      Faith    .   L - +0 buckler
rNeg    + . .      Spirit   .   y - +3 ring mail {Will+}
rPois   .          Reflect  +   (helmet restricted)
rElec   .          Harm     .   G - +0 cloak
rCorr   .          Rampage  .   (no gloves)
Will    +++..      NoTele   +   (boots unavailable)
Stlth   ..........              g - amulet of reflection
HPRegen 1.28/turn               e - ring of protection from fire
MPRegen 0.13/turn               s - ring of positive energy

@: berserking (expiring), strong-willed, flying quickly and evasively,
regenerating, very quick
A: beak, talons 3, nimble flight
a: Renounce Religion, Berserk, Trog's Hand, Brothers in Arms


You were in a Gauntlet.
You worshipped Trog.
Trog was extremely pleased with you.
You visited 1 branch of the dungeon, and saw 11 of its levels.
You also visited: Gauntlet.

You collected 635 gold pieces.

Inventory:

Hand Weapons
 a - the +10 double sword of the Messenger {freeze, rPois rF+++ rC- rCorr}
   (You acquired it on level 5 of the Dungeon)

   It freezes those it strikes, dealing additional cold damage.
   It can also slow down cold-blooded creatures.
   rF:        It renders you almost immune to fire.
   rC:        It makes you vulnerable to cold.
   rPois:     It protects you from poison.
   rCorr:     It protects you from acid and corrosion.
 b - a +3 scimitar (weapon)
 K - a +4 hunting sling of flaming
 P - a +1 dagger of draining
Missiles
 j - 4 javelins
 t - 43 poisoned darts (quivered)
 v - 151 sling bullets
 E - 10 curare-tipped darts
 I - 5 throwing nets
 N - 205 stones
 O - 11 boomerangs
Armour
 y - a +3 ring mail of willpower (worn)
 D - the +4 plate armour of Loss {Int+2 Slay+6}
   (You found it in a Gauntlet)

   Int:       It affects your intelligence (+2).
   Slay:      It affects your accuracy & damage with ranged weapons and melee
   (+6).
 G - a +0 cloak (worn)
 L - a +0 buckler (worn)
Jewellery
 e - a ring of protection from fire (left hand)
 g - an amulet of reflection (around neck)
 s - a ring of positive energy (right hand)
Wands
 i - a wand of digging (8)
 m - a wand of iceblast (18)
 n - a wand of polymorph (18)
 B - a wand of flame (18)
 J - a wand of paralysis (7)
Scrolls
 k - 6 scrolls of teleportation
 l - a scroll of enchant weapon
 o - 2 scrolls of fog
 r - 3 scrolls of immolation
 w - 2 scrolls of summoning
 C - a scroll of blinking
 Q - a scroll of fear
Potions
 c - 2 potions of haste
 d - 5 potions of curing
 f - 4 potions of heal wounds {unknown}
 h - 2 potions of lignification {unknown}
 p - 2 potions of cancellation
 q - 2 potions of mutation
 u - a potion of resistance {unknown}
 x - 2 potions of might
 z - a potion of ambrosia {unknown}
 A - 3 potions of magic
 F - 3 potions of attraction
 H - a potion of berserk rage


   Skills:
 - Level 8.0 Fighting
 - Level 14.0 Long Blades
 - Level 2.1 Armour
 - Level 6.0 Dodging
 + Level 10.8 Shields


You had 11 spell levels left.
You didn't know any spells.
Your spell library was empty.

Dungeon Overview and Level Annotations

Branches:
Dungeon (11/15)            Temple (0/1) D:4            Lair (0/6) D:10
    Orc (0/2) D:10        Gauntlet (1/1)

Altars:
Gozag
Makhleb
Okawaru
Qazlal
Sif Muna
Trog
Wu Jian

Shops:
D:5 (

Annotations:
Gauntlet 11 transporters, 17 runed translucent doors, exclusion: orange crystal statue


Innate Abilities, Weirdness & Mutations

You have a beak for a mouth.
You have claws for feet.
Your magical nature lets you fly swiftly and evasively.


Message History

You peck the blizzard demon.
The blizzard demon is severely wounded.
Your ogre hits the white imp with a +0 giant club!!
The white imp dies!
Trog accepts your kill. The blizzard demon gestures at you.
The bolt of cold hits you!!!
* * * LOW HITPOINT WARNING * * *
The bolt of cold hits your ogre!!!
Your ogre dies!
Your ogre's corpse disappears in a puff of smoke!
You hit the blizzard demon but do no damage.
Your kick misses the blizzard demon. Your peck misses the blizzard demon.
The blizzard demon is severely wounded.
You hit the blizzard demon. You peck the blizzard demon.
The blizzard demon is severely wounded.
The blizzard demon gestures at you. The freezing blast misses you.
You hit the blizzard demon. You claw the blizzard demon!
The blizzard demon is almost dead.
You are engulfed in freezing vapours.
* * * LOW HITPOINT WARNING * * *
You closely miss the blizzard demon. Your kick misses the blizzard demon.
You peck the blizzard demon!
The blizzard demon is almost dead.
You are engulfed in freezing vapours.
* * * LOW HITPOINT WARNING * * *
You block the blizzard demon's attack.
The blizzard demon completely misses you.
You barely miss the blizzard demon. You claw the blizzard demon.
You kill the blizzard demon!
Trog accepts your kill.
You are engulfed in freezing vapours.
* * * LOW HITPOINT WARNING * * *
You have reached level 12!
Your experience leads to an increase in your attributes!
Increase (S)trength, (I)ntelligence, or (D)exterity?
You feel agile. x2
You are engulfed in freezing vapours.
You die...

#########.#########.....≈###
§≈≈8≈≈≈≈#........©#......#8#
#########.#############..###
...#.#P##.#.#..+.©.+..#..#
#..#..#.#.#.#..+...+..#..#
##.##..##.#.#++#'#+#++#..#
.#.####.#.#.#..+...+..#..#≈8≈#
#.####.©#©#.#..+...+..#..#...###
.#.####.###.#++#@○.#++####.8...
.#.#.##.#...#..#○○☼#..#©.....###
#.©.....#...#..○°○°...####.8....
##.#.#.##...#..!"○?...#..#...#
#########...###########..#.8.#
..........≈.............≈#...#
.........≈8§............∩#.8.#
..........≈.............§#...#
#########...###########..#.8.#


There were no monsters in sight!

Vanquished Creatures
  A blizzard demon (Gauntlet)
  Harold (D:7)
  Sonja (D:10)
  Joseph (D:7)
  A gargoyle (D:10)
  An ice statue (Gauntlet)
  A rime drake (Gauntlet)
  3 trolls
  A shadow (D:9)
  A wyvern (D:10)
  A steam dragon (D:7)
  16 yaks
  2 swamp worms (Gauntlet)
  Menkaure (D:7)
  6 wargs
  2 water moccasins
  Duvessa (D:4)
  A sky beast (D:6)
  4 orc warriors
  2 black bears
  6 ogres
  2 ice beasts
  2 necrophages
  6 centaurs
  The ghost of ClownBaby the Cudgeller, an amateur GrGl (D:3)
  2 kobold brigands
  6 gnoll sergeants (D:8)
  A scorpion (D:4)
  Dowan (D:4)
  2 water moccasin skeletons
  5 wights (D:9)
  6 killer bees
  5 howler monkeys (D:8)
  3 vampire bats (D:5)
  2 bullfrog zombies
  4 centaur zombies
  A bullfrog skeleton (D:7)
  A jelly (D:7)
  13 orc priests
  5 hounds
  4 centaur skeletons
  2 gnoll shamans (D:8)
  2 iguanas
  13 orc wizards
  A killer bee zombie (D:8)
  3 hound skeletons
  18 gnolls
  2 howler monkey skeletons
  9 adders
  A white imp (D:6)
  An ufetubus (D:2)
  3 adder skeletons
  4 worms
  2 dart slugs (D:1)
  39 orcs
  5 endoplasms
  2 giant cockroaches
  15 goblins
  9 hobgoblins
  7 jackals (D:1)
  2 quokkas
  6 ball pythons
  13 bats
  5 frilled lizards
  8 kobolds
  4 rats
302 creatures vanquished.

Vanquished Creatures (collateral kills)
  2 wargs (D:8)
  A gnoll sergeant (D:8)
  A howler monkey (D:8)
  3 hounds (D:8)
  A white imp (Gauntlet)
  An orc (D:8)
9 creatures vanquished.

Vanquished Creatures (others)
  An orc wizard (D:5)
  A white imp (Gauntlet)
  A fungus (Gauntlet)
  3 plants
6 creatures vanquished.

Grand Total: 317 creatures vanquished

Notes
Turn   | Place    | Note
-------+----------+-------------------------------------------
     0 | D:1      | jejorda2 the Tengu Berserker began the quest for the Orb.
     0 | D:1      | Reached XP level 1. HP: 14/14 MP: 2/2
   159 | D:1      | Reached XP level 2. HP: 19/19 MP: 3/3
   454 | D:1      | Reached skill level 4 in Long Blades
   454 | D:1      | Reached XP level 3. HP: 23/23 MP: 4/4
   677 | D:1      | Found a faded altar of an unknown god.
  1074 | D:2      | Reached ** piety under Trog
  1077 | D:2      | Reached XP level 4. HP: 28/28 MP: 5/5
  1842 | D:3      | Noticed an ogre
  1846 | D:3      | Killed an ogre
  1847 | D:3      | Reached skill level 5 in Long Blades
  1847 | D:3      | Gained mutation: Your magical nature lets you fly swiftly
                  | and evasively. [Tengu growth]
  1847 | D:3      | Reached XP level 5. HP: 33/33 MP: 6/6
  2505 | D:3      | Noticed an ogre
  2512 | D:3      | Killed an ogre
  2513 | D:3      | Reached XP level 6. HP: 38/38 MP: 7/7
  2616 | D:3      | Noticed ClownBaby's ghost (amateur GrGl)
  2618 | D:3      | Found a runed translucent door.
  2632 | D:3      | Killed ClownBaby's ghost
  2632 | D:3      | Reached *** piety under Trog
  2633 | D:3      | Reached skill level 6 in Long Blades
  2909 | D:4      | Found a staircase to the Ecumenical Temple.
  3163 | D:4      | Reached XP level 7. HP: 34/44 MP: 8/8
  3418 | D:4      | Noticed a yak
  3418 | D:4      | Noticed a yak
  3418 | D:4      | Noticed a yak
  3419 | D:4      | Noticed a yak
  3422 | D:4      | Killed a yak
  3423 | D:4      | Reached skill level 7 in Long Blades
  3426 | D:4      | Killed a yak
  3427 | D:4      | Reached skill level 5 in Fighting
  3427 | D:4      | Reached skill level 5 in Dodging
  3430 | D:4      | Killed a yak
  3431 | D:4      | Reached XP level 8. HP: 50/50 MP: 9/9
  3432 | D:4      | Killed a yak
  3433 | D:4      | Reached skill level 8 in Long Blades
  3588 | D:4      | Noticed Dowan
  3589 | D:4      | Noticed Duvessa
  3595 | D:4      | Killed Duvessa
  3596 | D:4      | Killed Dowan
  3881 | D:5      | Entered Level 5 of the Dungeon
  3892 | D:5      | Found Dohoubir's Antique Weapon Shop.
  3970 | D:5      | Reached skill level 9 in Long Blades
  4084 | D:5      | Reached **** piety under Trog
  4122 | D:5      | Reached XP level 9. HP: 56/56 MP: 10/10
  4509 | D:5      | Reached skill level 10 in Long Blades
  4766 | D:5      | You are sucked into a shaft and drop 1 floor!
  4816 | D:6      | Reached skill level 1 in Shields
  4902 | D:6      | Found a stormy altar of Qazlal.
  5567 | D:6      | Found an iron altar of Okawaru.
  5782 | D:5      | Identified a scroll of acquirement
  5782 | D:5      | Acquired the +10 double sword of the Messenger {freeze,
                  | rPois rF+++ rC- rCorr}
  5929 | D:7      | Noticed Menkaure
  5937 | D:7      | Killed Menkaure
  5937 | D:7      | Reached ***** piety under Trog
  5938 | D:7      | Reached skill level 11 in Long Blades
  5989 | D:7      | Noticed Harold
  5995 | D:7      | Killed Harold
  5996 | D:7      | Reached XP level 10. HP: 64/64 MP: 11/11
  6085 | D:7      | Noticed Joseph
  6092 | D:7      | Killed Joseph
  6189 | D:7      | Reached skill level 12 in Long Blades
  6472 | D:7      | Found an opulent altar of Gozag.
  6472 | D:7      | Found a burning altar of Makhleb.
  6479 | D:7      | Found a faded altar of an unknown god.
  6481 | D:7      | Found a faded altar of an unknown god.
  6483 | D:7      | Found a shimmering blue altar of Sif Muna.
  6539 | D:7      | Found a bloodstained altar of Trog.
  6864 | D:8      | Reached skill level 5 in Shields
  7354 | D:8      | Identified the +5 hunting sling of Anguish {flame, rC++
                  | Will-}
  7446 | D:8      | Reached skill level 13 in Long Blades
  7542 | D:8      | Reached XP level 11. HP: 55/68 MP: 12/12
  8054 | D:9      | Received a gift from Trog
  8055 | D:9      | Reached skill level 14 in Long Blades
  8185 | D:9      | Found an ornate altar of the Wu Jian Council.
  8898 | D:10     | Entered Level 10 of the Dungeon
  8930 | D:10     | Noticed Sonja
  8947 | D:10     | Killed Sonja
  9315 | D:10     | Found a staircase to the Orcish Mines.
  9407 | D:10     | Found a staircase to the Lair.
  9878 | D:11     | Found a gate leading to a gauntlet.
  9897 | Gauntlet | Entered a Gauntlet
  9897 | Gauntlet | Found a transporter.
  9897 | Gauntlet | Found a transporter.
  9901 | Gauntlet | Found a transporter.
  9901 | Gauntlet | Found a transporter.
  9911 | Gauntlet | Found a transporter.
  9930 | Gauntlet | Found a transporter.
  9936 | Gauntlet | Found a large runed translucent door.
  9937 | Gauntlet | Found a large runed translucent door.
  9937 | Gauntlet | Noticed a blizzard demon
  9938 | Gauntlet | Found a large runed translucent door.
  9938 | Gauntlet | Found a large runed translucent door.
  9939 | Gauntlet | Found a runed translucent gate.
  9940 | Gauntlet | Found a transporter.
  9940 | Gauntlet | Found a runed translucent gate.
  9940 | Gauntlet | Found a transporter.
  9940 | Gauntlet | Found a large runed translucent door.
  9940 | Gauntlet | Found a large runed translucent door.
  9940 | Gauntlet | Found a runed translucent door.
  9940 | Gauntlet | Noticed an orange crystal statue
  9941 | Gauntlet | Found a runed translucent gate.
  9941 | Gauntlet | Found a runed translucent door.
  9941 | Gauntlet | Found a large runed translucent door.
  9942 | Gauntlet | Found a large runed translucent door.
  9944 | Gauntlet | Found a transporter.
  9949 | Gauntlet | Found a large runed translucent door.
  9949 | Gauntlet | Found a large runed translucent door.
  9950 | Gauntlet | Found a large runed translucent door.
  9951 | Gauntlet | Found a large runed translucent door.
  9971 | Gauntlet | Found a transporter.
  9978 | Gauntlet | Found a transporter.
 10021 | Gauntlet | Found a transporter.
 10031 | Gauntlet | Found a transporter.
 10038 | Gauntlet | Noticed a sixfirhy
 10047 | Gauntlet | Found a transporter.
 10147 | Gauntlet | Found a transporter.
 10151 | Gauntlet | Noticed a tengu warrior
 10163 | Gauntlet | Found a transporter.
 10179 | Gauntlet | Found a large runed translucent door.
 10179 | Gauntlet | Found a large runed translucent door.
 10180 | Gauntlet | Found a large runed translucent door.
 10181 | Gauntlet | Found a large runed translucent door.
 10268 | Gauntlet | Reached skill level 10 in Shields
 10452 | Gauntlet | Identified the +4 plate armour of Loss {Int+2 Slay+6}
 10512 | Gauntlet | Killed a blizzard demon
 10512 | Gauntlet | HP: 5/102 [something (7)]
 10513 | Gauntlet | Reached XP level 12. HP: 6/73 MP: 13/13
 10513 | Gauntlet | Engulfed by a cloud of freezing vapour

Illustrated notes

Levels and vault maps discovered:
D:1:      dpeg_arrival_snail, layout_basic, shapermc_ecumenical_altar_notcrosses
D:2:      layout_basic
D:3:      layout_loops_corners, ebering_ghost_inner_flame, grunt_decor_fettered,
          hangedman_decor_clover_reticule, minmay_ogre_servants
D:4:      layout_basic, minmay_temple_entry_wispy, uniq_duvessa
D:5:      layout_loops_ring, serial_shops, nicolae_shop_trees, roderic_batcave,
          mrwooster_statue_mirror
D:6:      layout_cave_pods, nicolae_qazlal_scattered_showers, marbit_many_paths
D:7:      layout_loops_ring, chequers_temple_overflow_minitemple, trog_book,
          uniq_harold, uniq_menkaure, uniq_joseph
D:8:      lemuel_castle_with_subvaults [lemuel_castle_interior_carwin_3],
          layout_basic
D:9:      layout_cave_pools, mainiacjoe_overflow_boulevard
D:10:     layout_roguey, erik_lair_orcish_takeover, minmay_orc_entry_guard_dogs,
          uniq_sonja
D:11:     layout_roguey, gauntlet_entry_generic, nicolae_vehumet_altar_sigil
Gauntlet: gammafunk_gauntlet_branching [gammafunk_gauntlet_arena_split_diamond,
          gammafunk_gauntlet_arena_chambers, gammafunk_gauntlet_arena_crates,
          gammafunk_gauntlet_arena_mazey, nicolae_gauntlet_arena_grate_2,
          nicolae_gauntlet_arena_x, minmay_gauntlet_arena_make_your_own_arena,
          gammafunk_gauntlet_arena_hedges,
          nicolae_gauntlet_exit_dead_adventurers]

Skill      XL: |  1  2  3  4  5  6  7  8  9 10 11 |
---------------+----------------------------------+-----
Long Blades    | 4 5 6 7 9 11 13 14 | 14.0
Dodging        | 3 4 5 6 |  6.0
Fighting       | 4 5 6 8 |  8.0
Shields        | 3 6 10 | 10.8
Armour         | |  2.1

Action                   |  1- 3 |  4- 6 |  7- 9 | 10-12 || total
-------------------------+-------+-------+-------+-------++-------
Melee: Falchion          |    55 |    91 |   139 |       ||   285
       Kick              |    14 |    27 |    82 |    78 ||   201
       Peck              |     7 |    14 |    56 |    50 ||   127
       Long sword        |       |       |    41 |       ||    41
       Double sword      |       |       |     9 |   251 ||   260
       Scimitar          |       |       |       |    20 ||    20
Throw: Dart              |       |     2 |     6 |       ||     8
Invok: Berserk           |     1 |     5 |     9 |     7 ||    22
       Trog's Hand       |       |       |     2 |     4 ||     6
       Brothers in Arms  |       |       |       |     2 ||     2
  Use: Scroll            |       |       |    16 |     4 ||    20
 Stab: Sleeping          |     1 |       |       |       ||     1
       Held in net/web   |       |       |     1 |       ||     1
Armor: Ring mail         |    11 |    19 |    38 |    39 ||   107
Dodge: Dodged            |    32 |    41 |   134 |   122 ||   329
Block: Other             |     5 |    19 |    38 |    26 ||    88
       Reflection        |       |     1 |     2 |    13 ||    16
       Buckler           |       |       |       |    62 ||    62
       Rpst.: Falchion   |    11 |    16 |    30 |       ||    57
       Long sword        |       |       |     8 |       ||     8
       Double sword      |       |       |       |    30 ||    30

Table legend: (Time is in decaauts)
 A = Elapsed time spent in this place.
 B = Non-inter-level travel time spent in this place.
 C = Inter-level travel time spent in this place.
 D = Time resting spent in this place.
 E = Time spent auto-exploring this place.
 F = Levels seen in this place.
 G = Mean time per level.
                   A        B        C        D        E       F      G
               +--------+--------+--------+--------+--------+-----+--------+
         Total |  10032 |   9607 |    425 |    858 |   6928 |  12 |  836.0 |
       Dungeon |   9460 |   9035 |    425 |    813 |   6589 |  11 |  860.0 |
      Gauntlet |    571 |    571 |      0 |     45 |    338 |   1 |  571.0 |
               +--------+--------+--------+--------+--------+-----+--------+

Top non-repeatable levels by time:
     D:8: 1420 daAuts
     D:4: 1042 daAuts
     D:1: 973 daAuts
     D:5: 949 daAuts
     D:3: 912 daAuts
    D:10: 905 daAuts
     D:2: 881 daAuts
     D:6: 854 daAuts
     D:7: 771 daAuts
     D:9: 715 daAuts
Gauntlet: 571 daAuts
    D:11: 34 daAuts
